 Dungeon Crawl Stone Soup version 0.21.1-1-g345015fe64 (webtiles) character file.

581681 JOKERXD40 the Axe Maniac (level 25, -8/257 HPs)
             Began as a Minotaur Berserker on July 10, 2018.
             Was the Champion of Trog.
             Killed from afar by an orb of fire (47 damage)
             ... with a fireball
             ... on level 5 of the Realm of Zot on July 11, 2018.
             The game lasted 03:53:59 (56060 turns).

JOKERXD40 the Axe Maniac (Minotaur Berserker)      Turns: 56060, Time: 03:54:00

Health: -8/257     AC: 37    Str: 33    XL:     25   Next: 95%
Magic:  0/25       EV: 21    Int:  7    God:    Trog [******]
Gold:   6318       SH:  0    Dex: 17    Spells: 24/24 levels left

rFire    + . .     SeeInvis +   J - +5 executioner's axe (vamp)
rCold    + . .     Gourm    +   (shield currently unavailable)
rNeg     . . .     Faith    .   Y - +4 plate armour of Shadows and Fog {Str+6}
rPois    .         Spirit   +   w - +3 hat of Daffodils {rC+ SInv}
rElec    .         Reflect  .   G - scarf {Spirit}
rCorr    .         Harm     .   V - +2 pair of gloves
MR       +++..                  B - +2 pair of boots
Stlth    ..........             N - amulet of the gourmand
HPRegen  1.52/turn              H - ring "Kyss" {+Fly rF+}
MPRegen  0.19/turn              r - ring "Febreblu" {+Inv Int+3 Dex+2 Stlth-}

@: lethally poisoned (-8 -> -9), berserk cooldown, very slightly contaminated,
regenerating, slowed, invisible, very slow
A: retaliatory headbutt, horns 2, clumsy 1
}: 3/15 runes: barnacled, silver, gossamer
a: Berserk, Trog's Hand, Brothers in Arms, Burn Spellbooks, Renounce Religion,
Evoke Flight


You were on level 5 of the Realm of Zot.
You worshipped Trog.
Trog was exalted by your worship.
You were very full.

You visited 10 branches of the dungeon, and saw 50 of its levels.
You visited the Abyss 1 time.
You also visited: Ossuary.

You collected 6465 gold pieces.
You spent 147 gold pieces at shops.

Inventory:

Hand Weapons
 J - a +5 vampiric executioner's axe (weapon)
 W - the +2 longbow "Purided" {venom, MR+}
   (Trog gifted it to you on level 3 of the Depths)

   It poisons the ammo it fires.
   It affects your resistance to hostile enchantments.
Missiles
 z - 1764 arrows
Armour
 w - the +3 hat of Daffodils (worn) {rC+ SInv}
   (You found it on level 4 of the Dungeon)

   It protects you from cold.
   It lets you see invisible.
 B - a +2 pair of boots (worn)
 G - a scarf of spirit shield (worn)
 V - a +2 pair of gloves (worn)
 Y - the +4 plate armour of Shadows and Fog (worn) {Str+6}
   (You found it on level 14 of the Dungeon)

   It affects your strength (+6).
Jewellery
 r - the ring "Febreblu" (right hand) {+Inv Int+3 Dex+2 Stlth-}
   (You took it off a deep elf knight on level 3 of the Elven Halls)

   [ring of loudness]

   It affects your intelligence (+3).
   It affects your dexterity (+2).
   It lets you turn invisible.
   It makes you less stealthy.
 H - the ring "Kyss" (left hand) {+Fly rF+}
   (You took it off a merfolk on level 4 of the Shoals)

   [ring of flight]

   It protects you from fire.
   It lets you fly.
 N - an amulet of the gourmand (around neck)
Wands
 d - a wand of iceblast (10)
 u - a wand of enslavement (12)
 x - a wand of scattershot (10)
 A - a wand of acid (8)
 E - a wand of clouds (4)
 F - a wand of digging (36)
 L - a wand of paralysis (38)
Scrolls
 a - 5 scrolls of fear
 f - 8 scrolls of enchant armour
 i - 20 scrolls of remove curse
 l - 23 scrolls of teleportation
 o - a scroll of blinking
 t - 11 scrolls of magic mapping
 C - 6 scrolls of vulnerability
 D - a scroll of enchant weapon
 K - 5 scrolls of fog
 M - 2 scrolls of holy word
 O - 3 scrolls of immolation
 P - 2 scrolls of brand weapon
 R - 3 scrolls of silence
 T - 13 scrolls of identify
Potions
 b - a potion of magic {unknown}
 e - 11 potions of curing
 g - 4 potions of resistance
 h - 9 potions of might
 j - 5 potions of agility
 k - 4 potions of heal wounds
 m - 6 potions of ambrosia
 p - a potion of brilliance
 q - 7 potions of haste
 s - 8 potions of lignification
 v - 2 potions of cancellation
 Q - a potion of berserk rage {unknown}
 S - 3 potions of mutation
 X - 2 potions of flight
Books
 y - a Fen Folio

   Spells                             Type                      Level
   a - Corpse Rot                     Necromancy                   2
   b - Stone Arrow                    Conjuration/Earth            3
   c - Leda's Liquefaction            Hexes/Earth                  4
   d - Summon Forest                  Summoning/Translocation      5
   e - Hydra Form                     Transmutation                6
   f - Summon Hydra                   Summoning                    7
   Trog disapproves of the use of such an item.
Miscellaneous
 n - 3 boxes of beasts
 I - a fan of gales
Comestibles
 c - 33 rations


   Skills:
 O Level 27 Fighting
 O Level 27 Axes
 + Level 11.0 Bows
 + Level 0.9 Throwing
 O Level 27 Armour
 + Level 17.6 Dodging
 - Level 2.3 Stealth
 + Level 4.8 Evocations


You had 24 spell levels left.
You didn't know any spells.

Dungeon Overview and Level Annotations

Branches:
Dungeon (15/15)            Temple (0/1) D:6            Lair (6/6) D:10
 Shoals (4/4) Lair:2       Spider (4/4) Lair:2        Slime (0/5) Lair:5
    Orc (2/2) D:11            Elf (3/3) Orc:2        Vaults (5/5) D:14
  Crypt (0/3) Vaults:3     Depths (5/5) D:15           Hell (1/1)
    Zot (5/5) Depths:5
    Dis: Hell:1         Geh: Hell:1         Coc: Hell:1         Tar: Hell:1

Altars:
Cheibriados
Dithmenos
Elyvilon
Fedhas
Makhleb
Nemelex Xobeh
Qazlal
Sif Muna
Trog
Uskayaw
Wu Jian
Yredelemnul
Zin
The Shining One
Beogh
Jiyva

Shops:
D:6 =   D:9 (   Orc:2 *:[(   Elf:3 =   Shoals:4 :   Vaults:4 *

Portals:
Hell: Depths:1 Depths:2 Depths:3 Depths:4 Depths:5
Abyss: Depths:1 Depths:2 Depths:3 Depths:4 Depths:5
Pandemonium: Depths:1 Depths:2 Depths:3
Ziggurat: Depths:2
Trove: Depths:1 (give 11 potions of heal wounds)

Annotations:
Orc:2 exclusion: oklob plant
Hell Geryon


Innate Abilities, Weirdness & Mutations

You reflexively headbutt those who attack you in melee.
You have a pair of horns on your head.
You are clumsy. (Dex -2)


Message History

The fireball explodes!
The fireball engulfs you! You resist.
The fireball engulfs the orb of fire.
The orb of fire completely resists.
The fireball engulfs the orb of fire.
The orb of fire completely resists.
The orb of fire glows red.
The fireball explodes!
The fireball engulfs you! You resist.
* * * LOW HITPOINT WARNING * * *
The fireball engulfs the orb of fire.
The orb of fire completely resists.
The fireball engulfs the orb of fire.
The orb of fire completely resists.
The orb of fire glows bright magenta.
The bolt of fire misses you.
You are very lightly contaminated with residual magic.
Your skin crawls.
You feel resistant to hostile enchantments.
You feel somewhat less full.
You feel sick.
The orb of fire glows red.
The bolt of fire hits you! You resist.
* * * LOW HITPOINT WARNING * * *
The orb of fire glows red.
The fireball explodes!
The fireball engulfs you! You resist.
You die...

##▓▓▓▓▓▓▓▓▓▓▓#
.....(dqLX**.###
.§.D.WX§8##@...##
.....L^§§†###...###########.
......§§§..###..............
.......§.§.# ##.............
.......8..^# #.............
...........# ##...........#
...........# #...........#
...........# ##...........#
..........## #.............


You could see 2 orbs of fire, a tentacled monstrosity, a white draconian monk,
an ancient lich and a yellow draconian.

Vanquished Creatures
  An orb of fire (Zot:3)
  Mara (Vaults:2)
  2 juggernauts
  An ancient lich (Vaults:5)
  Frederick (Depths:4)
  Bai Suzhen (Vaults:5)
  Saint Roka (Vaults:2)
  3 Killer Klowns
  A caustic shrike (Depths:2)
  6 golden dragons
  2 electric golems
  14 tentacled monstrosities
  Asterion (Elf:3)
  7 Orb Guardians (Zot:5)
  A deep elf master archer (Elf:3)
  5 titans (Vaults:5)
  5 deep elf blademasters
  4 liches
  6 quicksilver dragons
  5 sphinxes
  3 death cobs
  Frances (D:14)
  8 shadow dragons
  Donald (Orc:2)
  Ilsuiw (Shoals:4)
  7 storm dragons
  9 tengu reavers
  2 draconian monks
  13 fire giants
  3 iron dragons
  13 vault wardens
  3 draconian knights (Zot:2)
  Louise (Depths:1)
  5 draconian scorchers
  9 deep elf sorcerers
  8 emperor scorpions (Spider:4)
  A balrug (Depths:1)
  12 frost giants
  5 ghost moths
  An orc warlord (Orc:2)
  3 draconian shifters
  2 draconian stormcallers
  13 ironheart preservers
  5 draconian annihilators
  A spriggan defender (Depths:2)
  6 deep elf elementalists
  11 vampire knights
  18 very ugly things
  A war gargoyle (Vaults:5)
  4 entropy weavers
  2 deep elf demonologists
  24 stone giants
  11 black draconians
  Nessos (Lair:5)
  7 deep elf annihilators
  5 green draconians
  7 yellow draconians
  6 white draconians
  6 red draconians
  15 spark wasps
  8 purple draconians
  18 ettins
  2 merfolk javelineers (Shoals:4)
  10 deep elf death magi
  5 jiangshi (Depths:3)
  16 yaktaur captains
  8 merfolk impalers
  7 fire dragons
  Josephine (D:10)
  6 deep elf high priests
  10 great orbs of eyes
  10 hydras
  2 peacekeepers (Elf:2)
  Fannar (Lair:3)
  A spriggan air mage (Depths:2)
  A rakshasa (D:14)
  6 ice dragons
  A catoblepas (shapeshifter) (Vaults:5)
  An anaconda (shapeshifter) (Vaults:5)
  38 vault guards
  A merfolk avatar (Shoals:2)
  9 centaur warriors
  15 ogre magi
  31 two-headed ogres
  4 merfolk aquamancers (Shoals:4)
  Erica (D:9)
  The ghost of JOKERXD40 the Cleaver, a novice MiBe of Trog (D:9)
  26 dancing weapons
  An alligator snapping turtle (Shoals:4)
  5 death knights
  An alligator (Lair:6)
  9 deep troll earth magi
  4 orc high priests
  6 tengu warriors
  A titan zombie (Depths:3)
  7 deep troll shamans
  2 vampire magi
  2 spriggan berserkers
  14 deep elf knights
  3 sun demons
  An iron troll (Depths:1)
  9 hell knights
  3 unseen horrors
  14 skeletal warriors
  A golden dragon zombie (Depths:3)
  10 sea snakes
  3 flayed ghosts
  24 deep trolls
  3 wizards
  18 deep elf archers
  A quicksilver dragon simulacrum (Depths:2)
  4 glowing orange brains
  11 ironbrand convokers
  13 orc knights
  A lindwurm (Depths:4)
  2 phantasmal warriors (Depths:3)
  10 harpies
  An orb spider (shapeshifter) (Vaults:3)
  27 wolf spiders
  13 orb spiders
  69 deep elf magi
  6 necromancers
  11 manticores
  2 fauns (Shoals:1)
  A fire giant zombie (Depths:3)
  7 orc sorcerers
  21 moths of wrath
  5 cyclopes
  43 ugly things
  2 centaur zombies
  6 elephants (Lair:5)
  A sphinx skeleton (Depths:3)
  7 merfolk sirens
  A rust devil (Depths:5)
  A black mamba (shapeshifter) (Vaults:1)
  14 vault sentinels
  Psyche (D:9)
  A frost giant skeleton (Depths:3)
  A guardian serpent (Lair:6)
  6 water nymphs
  13 black mambas
  15 spiny frogs
  A water nymph (shapeshifter) (Vaults:5)
  A gargoyle (D:15)
  2 centaur skeletons
  A fire giant skeleton (Depths:2)
  An eye of devastation (shapeshifter) (Depths:3)
  An orange demon (Depths:3)
  A spiny frog (shapeshifter) (Vaults:3)
  2 spriggan zombies (Depths:3)
  A torpor snail (Spider:1)
  Joseph (D:10)
  A rime drake (Depths:4)
  2 elf zombies (Depths:3)
  4 kobold demonologists
  A spriggan skeleton (Depths:3)
  A hellion (Depths:3)
  6 komodo dragons
  A hellwing (Depths:5)
  4 freezing wraiths
  10 demonic crawlers
  50 yaktaurs
  20 merfolk
  4 tengu conjurers
  10 polar bears (Lair:6)
  A wind drake (Shoals:4)
  5 hornets
  A polar bear (shapeshifter) (Vaults:1)
  6 trolls
  A meliai (shapeshifter) (Depths:2)
  17 jumping spiders
  A large abomination (Abyss:3)
  4 blink frogs (Lair:5)
  A sphinx simulacrum (Vaults:3)
  An ettin zombie (Depths:2)
  6 dream sheep (Lair:5)
  11 hippogriffs
  A blink frog (shapeshifter) (Depths:2)
  9 slime creatures
  A dream sheep (shapeshifter) (Vaults:5)
  A fire giant simulacrum (Depths:2)
  4 raiju (Lair:6)
  A meliai zombie (D:10)
  7 snapping turtles
  28 tarantellas
  3 wraiths
  4 flying skulls (Depths:3)
  A shadow (D:14)
  Sigmund (D:3)
  53 yaks
  53 redbacks
  13 water elementals
  4 hogs (D:7)
  3 yaks (shapeshifter)
  2 air elementals
  A ynoxinul (Depths:3)
  5 basilisks
  2 hungry ghosts
  15 wyverns
  2 fire elementals (Elf:3)
  A chaos spawn (Depths:3)
  2 elf skeletons
  A human (D:7)
  3 vampire mosquitoes (D:15)
  The ghost of SlightEye the Sneak, an amateur OpAs (D:5)
  9 wargs
  An acid dragon (Vaults:1)
  13 hell hounds (Lair:6)
  25 water moccasins
  8 porcupines
  A swamp drake (Depths:4)
  An ice beast (D:9)
  45 orc warriors
  16 black bears
  2 human skeletons (Depths:3)
  2 eyes of draining
  4 phantoms
  2 sky beasts
  A hornet zombie (D:12)
  32 ogres
  10 boggarts
  23 wolves
  14 centaurs
  8 crocodiles
  A big kobold (D:15)
  17 bullfrogs
  An earth elemental (Elf:1)
  A gnoll sergeant (D:11)
  Blork the orc (D:5)
  3 scorpions
  5 killer bees (D:10)
  6 electric eels
  8 wights
  5 howler monkeys
  2 bullfrog zombies
  7 crimson imps
  5 hounds
  A human simulacrum (Vaults:2)
  A quasit (D:8)
  9 jellies
  19 orc priests
  3 human zombies (Ossuary)
  A gnoll shaman (D:5)
  Terence (D:3)
  3 bullfrog skeletons
  3 iguanas
  25 orc wizards
  10 worker ants
  A big kobold zombie (Ossuary)
  3 hound zombies
  A hound skeleton (D:10)
  4 mummies (Ossuary)
  18 gnolls
  18 adders
  4 shadow imps
  A white imp (Depths:3)
  An ooze (D:3)
  2 adder skeletons
  5 worms
  4 dart slugs
  9 leopard geckos
  121 orcs
  3 giant cockroaches
  A gnoll zombie (Ossuary)
  11 goblins
  7 hobgoblins
  3 jackals (D:1)
  10 kobolds
  5 quokkas
  A ball python (D:2)
  9 bats
  6 frilled lizards
  A giant cockroach zombie (D:6)
  A goblin zombie (Ossuary)
  A jackal skeleton (D:6)
  A jackal zombie (Ossuary)
  A kobold zombie (Ossuary)
  A quokka skeleton (D:4)
  9 rats
  3 rat zombies
  2 bushes (D:13)
  2 crawling corpses (Elf:3)
  12 fungi
  19 plants
2079 creatures vanquished.

Vanquished Creatures (collateral kills)
  The ghost of Artool the Warrior, an adept DsBe of Trog (Elf:3)
  A large abomination (Elf:3)
  A fire giant (Vaults:2)
  An ironheart preserver (Vaults:2)
  A stone giant (Depths:2)
  A deep elf demonologist (Vaults:2)
  2 merfolk javelineers (Shoals:4)
  A merfolk impaler (Shoals:3)
  An ettin (Vaults:5)
  A fire dragon (Depths:2)
  An iron troll (Depths:2)
  A sea snake (Shoals:1)
  2 deep elf archers (Elf:3)
  An ironbrand convoker (Vaults:2)
  3 fauns (Shoals:1)
  An orc sorcerer (Vaults:1)
  3 merfolk sirens
  A freezing wraith (Vaults:2)
  5 merfolk
  A blink frog (Lair:5)
  2 wraiths (D:10)
  A tarantella (Spider:4)
  A water elemental (Shoals:1)
  A warg (Vaults:1)
  2 orc warriors (Vaults:1)
  A boggart (Vaults:2)
  2 centaurs (Vaults:2)
  2 orc wizards (Vaults:1)
  A howler monkey zombie (D:10)
  2 orcs (Vaults:1)
45 creatures vanquished.

Vanquished Creatures (others)
  A deep elf master archer (Elf:3)
  A hell knight (Depths:5)
  An unseen horror (D:14)
  A harpy (Shoals:4)
  11 fungi (Lair:6)
  46 plants
61 creatures vanquished.

Grand Total: 2185 creatures vanquished

Notes
Turn   | Place    | Note
-------+----------+-------------------------------------------
     0 | D:1      | JOKERXD40 the Minotaur Berserker began the quest for the Orb.
     0 | D:1      | Reached XP level 1. HP: 19/19 MP: 0/0
   364 | D:1      | Reached XP level 2. HP: 19/27 MP: 1/1
   696 | D:1      | Reached ** piety under Trog
   696 | D:1      | Reached XP level 3. HP: 33/33 MP: 2/2
  1281 | D:2      | Reached XP level 4. HP: 21/41 MP: 3/3
  1288 | D:2      | Reached skill level 5 in Axes
  2118 | D:3      | Noticed Terence
  2124 | D:3      | Killed Terence
  2205 | D:3      | Reached XP level 5. HP: 42/47 MP: 4/4
  2406 | D:3      | Noticed Sigmund
  2412 | D:3      | Killed Sigmund
  2412 | D:3      | Reached *** piety under Trog
  2412 | D:3      | Reached skill level 5 in Fighting
  2412 | D:3      | Reached XP level 6. HP: 56/56 MP: 5/5
  2868 | D:4      | Reached skill level 1 in Stealth
  2905 | D:4      | Got a heavily runed hat
  2911 | D:4      | Identified the +3 hat of Daffodils {rC+ SInv} (You found it on level 4 of the Dungeon)
  3298 | D:4      | Found a shadowy altar of Dithmenos.
  3470 | D:5      | Entered Level 5 of the Dungeon
  3487 | D:5      | Reached skill level 5 in Armour
  3555 | D:5      | Reached XP level 7. HP: 33/61 MP: 6/6
  3635 | D:5      | Found a stormy altar of Qazlal.
  3711 | D:5      | Noticed SlightEye's ghost (amateur OpAs)
  3722 | D:5      | Killed SlightEye's ghost
  3741 | D:5      | Reached **** piety under Trog
  3828 | D:5      | Reached XP level 8. HP: 69/69 MP: 7/7
  3834 | D:5      | Reached skill level 1 in Bows
  4030 | D:5      | Noticed Blork the orc
  4036 | D:5      | Killed Blork the orc
  4275 | D:6      | Found Silarad's Jewellery Emporium.
  4294 | D:6      | Got a shimmering robe
  4305 | D:6      | Identified the +2 robe of Taqeq {rPois Regen+} (You found it on level 6 of the Dungeon)
  4563 | D:6      | Found a hide-covered altar of Uskayaw.
  4564 | D:6      | Found a blossoming altar of Fedhas.
  4564 | D:6      | Found a glowing golden altar of the Shining One.
  4564 | D:6      | Found a stormy altar of Qazlal.
  4601 | D:6      | Found a basalt altar of Yredelemnul.
  4603 | D:6      | Found a staircase to the Ecumenical Temple.
  4603 | D:6      | Found a bloodstained altar of Trog.
  4604 | D:6      | Found a basalt altar of Yredelemnul.
  4604 | D:6      | Found a snail-covered altar of Cheibriados.
  4604 | D:6      | Found a glowing silver altar of Zin.
  4604 | D:6      | Found a shadowy altar of Dithmenos.
  4604 | D:6      | Found a sparkling altar of Nemelex Xobeh.
  4604 | D:6      | Found an ornate altar of the Wu Jian Council.
  5119 | D:7      | Reached XP level 9. HP: 30/79 MP: 2/8
  5119 | D:7      | Reached skill level 10 in Axes
  5252 | D:7      | Found a sand-covered staircase.
  5280 | Ossuary  | Entered an ossuary
  5285 | Ossuary  | Reached ***** piety under Trog
  6655 | D:8      | Reached XP level 10. HP: 87/89 MP: 9/9
  6745 | D:8      | Received a gift from Trog
  7039 | D:8      | Noticed a two-headed ogre
  7048 | D:8      | Killed a two-headed ogre
  7244 | D:9      | Reached skill level 10 in Armour
  7259 | D:9      | Noticed Erica
  7270 | D:9      | Killed Erica
  7303 | D:9      | Noticed JOKERXD40's ghost (novice MiBe)
  7318 | D:9      | Killed JOKERXD40's ghost
  7434 | D:9      | Noticed Psyche
  7440 | D:9      | Paralysed by Psyche for 7 turns
  7447 | D:9      | Killed Psyche
  7683 | D:9      | Reached XP level 11. HP: 80/97 MP: 1/10
  7979 | D:9      | Found Atwi's Weapon Shoppe.
  8190 | D:10     | Entered Level 10 of the Dungeon
  8294 | D:10     | Noticed a two-headed ogre
  8302 | D:10     | Killed a two-headed ogre
  8383 | D:10     | Found a staircase to the Lair.
  8385 | D:10     | Noticed Josephine
  8393 | D:10     | Killed Josephine
  8393 | D:10     | Reached skill level 10 in Fighting
  8393 | D:10     | Reached skill level 15 in Axes
  8537 | D:10     | Noticed a two-headed ogre
  8542 | D:10     | Killed a two-headed ogre
  8665 | D:10     | Noticed an unseen horror
  8672 | D:10     | Killed an unseen horror
  8786 | D:10     | Found a flagged portal.
  8848 | D:10     | Noticed Joseph
  8858 | D:10     | Killed Joseph
  9295 | D:11     | Received a gift from Trog
  9401 | Lair:1   | Entered Level 1 of the Lair of Beasts
  9825 | Lair:1   | Reached XP level 12. HP: 110/110 MP: 3/11
 10508 | Lair:2   | Found a hole to the Spider Nest.
 10516 | Lair:2   | Found a staircase to the Shoals.
 10711 | Lair:2   | Noticed an eight-headed hydra
 10716 | Lair:2   | Killed a ten-headed hydra
 11013 | Lair:3   | Noticed Fannar
 11036 | Lair:3   | Killed Fannar
 11905 | Lair:4   | Received a gift from Trog
 11977 | Lair:4   | Found a burning altar of Makhleb.
 12810 | Lair:5   | Reached XP level 13. HP: 119/119 MP: 2/12
 12850 | Lair:5   | Found a viscous altar of Jiyva.
 12851 | Lair:5   | Found a staircase to the Slime Pits.
 13110 | Lair:5   | Found the +2 pair of boots of the Assassin {Detection Stab+ Stlth++}
 13179 | Lair:5   | Noticed Nessos
 13190 | Lair:5   | Killed Nessos
 13577 | Lair:6   | Entered Level 6 of the Lair of Beasts
 13805 | Lair:6   | Received a gift from Trog
 14923 | Lair:6   | Paralysed by a hornet for 3 turns
 15007 | Lair:6   | Reached XP level 14. HP: 129/129 MP: 10/13
 15183 | Lair:6   | Received a gift from Trog
 15881 | D:11     | Reached ****** piety under Trog
 16344 | D:11     | Found a staircase to the Orcish Mines.
 16393 | Orc:1    | Entered Level 1 of the Orcish Mines
 16617 | Orc:1    | Found a roughly hewn altar of Beogh.
 17023 | Orc:2    | Entered Level 2 of the Orcish Mines
 17032 | Orc:2    | Noticed an orc warlord
 19817 | Orc:2    | Received a gift from Trog
 19822 | Orc:2    | Killed an orc warlord
 19944 | Orc:2    | Found Pephofoli's Antique Weapon Shop.
 20244 | Orc:2    | Found Fymmyen's Antique Armour Emporium.
 20283 | Orc:2    | Found Xolieff's Book Emporium.
 20440 | Orc:2    | Received a gift from Trog
 20524 | Orc:2    | Found Cecefifo's General Store.
 20524 | Orc:2    | Found a staircase to the Elven Halls.
 20585 | Orc:2    | Noticed Donald
 20603 | Orc:2    | Killed Donald
 21231 | D:12     | Reached XP level 15. HP: 130/139 MP: 12/14
 21650 | D:13     | Found a sparkling altar of Nemelex Xobeh.
 22459 | D:14     | Received a gift from Trog
 22508 | D:14     | Noticed Frances
 22519 | D:14     | Killed Frances
 22557 | D:14     | Found a gate to the Vaults.
 22579 | D:14     | Reached skill level 5 in Bows
 22884 | D:15     | Entered Level 15 of the Dungeon
 22952 | D:15     | Reached skill level 15 in Fighting
 23002 | D:15     | Found a staircase to the Depths.
 23008 | D:15     | Reached skill level 15 in Armour
 23529 | D:15     | Found a deep blue altar of Sif Muna.
 23562 | D:15     | Received a gift from Trog
 23898 | D:14     | Found the +10 large shield of Ignorance {rN+ Int-4}
 23902 | D:14     | Got an encrusted plate armour
 23913 | D:14     | Identified the +4 plate armour of Shadows and Fog {Str+6} (You found it on level 14 of the Dungeon)
 24083 | D:14     | Found a roughly hewn altar of Beogh.
 24461 | Shoals:1 | Entered Level 1 of the Shoals
 24525 | Shoals:1 | Reached XP level 16. HP: 101/151 MP: 15/15
 24771 | Shoals:1 | Received a gift from Trog
 25154 | Shoals:4 | Entered Level 4 of the Shoals
 25156 | Shoals:4 | Noticed Ilsuiw
 25364 | Shoals:4 | Killed Ilsuiw
 26019 | Shoals:4 | HP: 5/152 [alligator snapping turtle (19)]
 26284 | Shoals:4 | Received a gift from Trog
 26371 | Shoals:4 | Got a smoking amber ring
 26716 | Shoals:4 | Found Koaky's Book Boutique.
 26748 | Shoals:4 | Got a barnacled rune of Zot
 27043 | Spider:1 | Entered Level 1 of the Spider Nest
 27092 | Spider:1 | Received a gift from Trog
 27519 | Spider:2 | Reached XP level 17. HP: 93/161 MP: 10/16
 27932 | Spider:2 | Identified the ring "Kyss" {+Fly rF+} (You took it off a merfolk on level 4 of the Shoals)
 28054 | Spider:4 | Entered Level 4 of the Spider Nest
 28060 | Spider:4 | Received a gift from Trog
 28406 | Spider:4 | HP: 5/162 [redback (5)]
 28411 | Spider:4 | HP: 2/162 [disintegration (10)]
 29344 | Spider:4 | Received a gift from Trog
 29427 | Spider:4 | Got a gossamer rune of Zot
 29906 | Depths:1 | Entered Level 1 of the Depths
 29906 | Depths:1 | Noticed a lich
 29915 | D:15     | Killed a lich
 30053 | Vaults:1 | Entered Level 1 of the Vaults
 30428 | Vaults:1 | Reached XP level 18. HP: 144/173 MP: 15/17
 30445 | Vaults:1 | Received a gift from Trog
 30499 | Vaults:1 | Reached skill level 5 in Dodging
 30507 | Vaults:1 | HP: 7/173 [orc sorcerer/bolt of negative energy[an orc knight] (14)]
 31008 | Vaults:2 | Received a gift from Trog
 31204 | Vaults:2 | Noticed Mara
 31206 | Vaults:2 | Noticed JOKERXD40's illusion
 31219 | Vaults:2 | Killed Mara
 31825 | Vaults:2 | Noticed a tentacled monstrosity
 31914 | Vaults:2 | Received a gift from Trog
 31921 | Vaults:2 | Killed a tentacled monstrosity
 32095 | Vaults:3 | Noticed Saint Roka
 32230 | Vaults:2 | Killed Saint Roka
 32351 | Vaults:3 | Reached XP level 19. HP: 136/184 MP: 16/18
 32599 | Vaults:3 | Received a gift from Trog
 33004 | Vaults:3 | Received a gift from Trog
 33218 | Vaults:3 | Found a staircase to the Crypt.
 33540 | Vaults:4 | Found Naseus's General Store.
 33564 | Vaults:4 | Bought a potion of curing for 42 gold pieces
 33858 | Vaults:4 | Reached skill level 27 in Axes
 34974 | Elf:1    | Entered Level 1 of the Elven Halls
 35357 | Elf:1    | Received a gift from Trog
 35496 | Elf:1    | Received a gift from Trog
 36092 | Elf:2    | Reached XP level 20. HP: 198/198 MP: 19/19
 36133 | Elf:2    | Found a runed gate.
 36135 | Elf:2    | Found a runed gate.
 36135 | Elf:2    | Found a runed gate.
 36368 | Elf:2    | Found a ruined gateway.
 36608 | Elf:2    | Received a gift from Trog
 36876 | Elf:3    | Entered Level 3 of the Elven Halls
 37080 | Elf:3    | Received a gift from Trog
 37096 | Elf:3    | Received a gift from Trog
 37793 | Elf:3    | Found Loloty's Jewellery Boutique.
 37824 | Elf:3    | Bought a +2 amulet of reflection for 105 gold pieces
 37840 | Elf:3    | Paralysed by a chaos spawn for 7 turns
 37862 | Elf:3    | Noticed Artool's ghost (adept DsBe)
 37892 | Elf:3    | Killed Artool's ghost
 38453 | Elf:3    | Noticed Asterion
 38464 | Elf:3    | Killed Asterion
 38763 | Elf:3    | Got an ancient pewter ring
 38789 | Elf:3    | Received a gift from Trog
 38803 | Elf:3    | Got an ebony executioner's axe {chop}
 38807 | Elf:3    | Got a pitted battleaxe {flame}
 39381 | Elf:3    | Identified the ring "Febreblu" {+Inv Int+3 Dex+2 Stlth-} (You took it off a deep elf knight on level 3 of the Elven Halls)
 39413 | Elf:3    | Found the +3 sling "Punk" {acid, rCorr}
 39441 | Elf:3    | Got a brightly glowing jade amulet
 39467 | Elf:3    | Got a sapphire-studded plate armour
 39478 | Elf:3    | Identified the +1 plate armour of the Great Game {rC+ Regen+ Int+3} (You found it on level 3 of the Elven Halls)
 40297 | Depths:1 | Reached XP level 21. HP: 174/212 MP: 15/20
 40448 | Depths:1 | Reached skill level 1 in Evocations
 40458 | Depths:1 | Found a one-way gate leading to the halls of Pandemonium.
 40528 | Depths:1 | Found a one-way gate to the infinite horrors of the Abyss.
 40578 | Depths:1 | Noticed Louise
 40599 | Depths:1 | Killed Louise
 40621 | Depths:1 | Received a gift from Trog
 40631 | Depths:1 | Identified the amulet "Puitwan" {Inacc MR+ Stlth+} (You found it on level 3 of the Elven Halls)
 41110 | Depths:1 | Found a gateway to Hell.
 41127 | Hell     | Entered the Vestibule of Hell
 41127 | Hell     | Noticed Geryon
 41317 | Depths:1 | Found a portal to a secret trove of treasure.
 41635 | Depths:2 | Noticed a juggernaut
 41640 | Depths:2 | Killed a juggernaut
 41733 | Depths:2 | Found a hide-covered altar of Uskayaw.
 41734 | Depths:2 | Found a white marble altar of Elyvilon.
 41734 | Depths:2 | Found a basalt altar of Yredelemnul.
 41734 | Depths:2 | Found a gateway to a ziggurat.
 42223 | Depths:2 | Noticed a golden dragon
 42229 | Depths:2 | Killed a golden dragon
 42331 | Depths:2 | Received a gift from Trog
 42585 | Depths:2 | Noticed a caustic shrike
 42593 | Depths:2 | Killed a caustic shrike
 42685 | Depths:2 | Received a gift from Trog
 42957 | Depths:2 | Reached XP level 22. HP: 183/228 MP: 18/22
 43329 | Depths:2 | Paralysed by a sphinx for 5 turns
 43396 | Depths:2 | Noticed a golden dragon
 43404 | Depths:2 | Killed a golden dragon
 43755 | Depths:2 | Cast into level 3 of the Abyss (a deep elf sorcerer)
 43850 | Depths:2 | Escaped the Abyss
 44811 | Depths:3 | Received a gift from Trog
 44839 | Depths:3 | Noticed a caustic shrike
 44839 | Depths:3 | Noticed a caustic shrike
 44839 | Depths:3 | Noticed a caustic shrike
 44839 | Depths:3 | Noticed a caustic shrike
 44839 | Depths:3 | Noticed a caustic shrike
 44889 | Depths:3 | Paralysed by a vampire knight for 4 turns
 44930 | Depths:3 | Received a gift from Trog
 45403 | Depths:3 | Reached skill level 27 in Fighting
 45929 | Depths:3 | Received a gift from Trog
 45932 | Depths:3 | Got a slimy longbow {god gift}
 45933 | Depths:3 | Identified the +2 longbow "Purided" {venom, MR+} (Trog gifted it to you on level 3 of the Depths)
 45944 | Depths:3 | Paralysed by a vampire knight for 2 turns
 46358 | Depths:4 | Noticed a juggernaut
 46372 | Depths:4 | Killed a juggernaut
 46513 | Depths:4 | Reached XP level 23. HP: 221/240 MP: 23/23
 46556 | Depths:4 | Noticed Frederick
 46562 | Depths:4 | Killed Frederick
 46899 | Depths:4 | Received a gift from Trog
 47473 | Depths:5 | Entered Level 5 of the Depths
 47828 | Depths:5 | Identified 2 scrolls of acquirement
 47838 | Depths:5 | Got a steaming ruby amulet
 47840 | Depths:5 | Identified the amulet of Zaurr {Harm *Drain rC+++ Slay-4 SInv Stlth+} (You acquired it on level 5 of the Depths)
 49495 | Depths:5 | Found a gate to the Realm of Zot.
 50088 | Vaults:3 | Received a gift from Trog
 50204 | Vaults:5 | Entered Level 5 of the Vaults
 50305 | Vaults:5 | Reached skill level 10 in Bows
 50391 | Vaults:5 | Noticed an ancient lich
 50391 | Vaults:5 | Received a gift from Trog
 50402 | Vaults:5 | Killed an ancient lich
 50402 | Vaults:5 | Reached XP level 24. HP: 249/249 MP: 23/24
 50423 | Vaults:5 | HP: 7/249 [ettin/dire flail (18)]
 50948 | Vaults:5 | Received a gift from Trog
 51107 | Vaults:5 | Noticed Bai Suzhen
 51120 | Vaults:5 | Killed Bai Suzhen
 51293 | Vaults:5 | Got a silver rune of Zot
 51410 | Vaults:5 | Received a gift from Trog
 52120 | Vaults:5 | Received a gift from Trog
 52766 | Zot:1    | Entered Level 1 of the Realm of Zot
 52898 | Zot:1    | Reached skill level 10 in Dodging
 53228 | Zot:2    | Reached skill level 27 in Armour
 53243 | Zot:2    | Reached XP level 25. HP: 163/257 MP: 14/25
 54131 | Zot:2    | Received a gift from Trog
 54551 | Zot:3    | Noticed an orb of fire
 54553 | Zot:3    | Gained mutation: You are clumsy. (Dex -2) [an orb of fire]
 54561 | Zot:3    | Killed an orb of fire
 54821 | Zot:4    | Reached skill level 15 in Dodging
 55014 | Zot:5    | Entered Level 5 of the Realm of Zot
 55942 | Zot:5    | Received a gift from Trog
 56036 | Zot:5    | Noticed an orb of fire
 56039 | Zot:5    | Noticed an orb of fire
 56039 | Zot:5    | Noticed an ancient lich
 56060 | Zot:5    | Killed from afar by an orb of fire

Skill      XL: |  1  2  3  4  5  6  7  8  9 10 11 12 13 14 15 16 17 18 19 20 21 22 23 24 25 |
---------------+----------------------------------------------------------------------------+-----
Fighting       | 4 5 7 8 9 11 12 13 14 16 17 18 19 21 23 25 27 | 27.0
Axes           | 4 5 6 8 9 12 14 16 18 19 21 22 23 25 26 27 | 27.0
Armour         | 3 4 5 6 8 9 10 11 12 13 14 15 16 17 18 20 21 22 24 27 | 27.0
Dodging        | 3 4 5 6 7 9 10 17 | 17.6
Stealth        | 1 2 |  2.3
Bows           | 1 2 3 5 7 10 11 | 11.0
Evocations     | 1 3 4 |  4.8
Throwing       | |  0.9

Action                   |  1- 3 |  4- 6 |  7- 9 | 10-12 | 13-15 | 16-18 | 19-21 | 22-24 | 25-27 || total
-------------------------+-------+-------+-------+-------+-------+-------+-------+-------+-------++-------
Melee: Hand axe          |    82 |   144 |    36 |       |       |       |       |       |       ||   262
       Headbutt          |    10 |    14 |    68 |    78 |   213 |   237 |   245 |   360 |   111 ||  1336
       War axe           |       |       |   220 |     6 |       |       |       |       |       ||   226
       Battleaxe         |       |       |       |   422 |    68 |       |       |       |       ||   490
       Executioner's axe |       |       |       |       |   894 |  1023 |   930 |   983 |   297 ||  4127
 Fire: Shortbow          |       |       |     6 |       |       |       |       |       |       ||     6
       Longbow           |       |       |       |    12 |    47 |    21 |       |    15 |       ||    95
Throw: Tomahawk          |     1 |     2 |       |     1 |     8 |       |       |       |       ||    12
Invok: Berserk           |       |     4 |     8 |    10 |    26 |    25 |    24 |    20 |     5 ||   122
       Burn Spellbooks   |       |     1 |       |     2 |     2 |     3 |     3 |     4 |       ||    15
       Trog's Hand       |       |       |       |     1 |       |     4 |     3 |     3 |     1 ||    12
       Brothers in Arms  |       |       |       |     1 |     2 |    10 |     2 |     5 |       ||    20
 Abil: Evoke Invisibilit |       |       |       |       |       |       |       |     1 |       ||     1
       Evoke Flight      |       |       |       |       |       |       |       |     1 |       ||     1
Evoke: Wand              |       |       |       |     4 |     4 |       |     4 |       |       ||    12
  Use: Scroll            |       |       |    11 |    15 |     7 |    11 |     9 |    14 |       ||    67
       Potion            |       |       |       |     1 |     3 |    14 |       |     2 |     1 ||    21
 Stab: Sleeping          |     1 |       |       |       |       |       |       |       |       ||     1
       Invisible         |       |       |       |       |       |     4 |       |       |       ||     4
       Distracted        |       |       |       |       |       |     2 |     1 |     2 |       ||     5
  Eat: Chunk             |     1 |     8 |     6 |    18 |    22 |     8 |    15 |    12 |     3 ||    93
       Ration            |       |     1 |     3 |     3 |    13 |    14 |    12 |    16 |     5 ||    67
Armor: Animal skin       |     7 |       |       |       |       |       |       |       |       ||     7
       Ring mail         |    12 |     5 |       |       |       |       |       |       |       ||    17
       Plate armour      |       |    78 |   198 |   235 |   729 |   916 |   509 |   612 |   204 ||  3481
Dodge: Dodged            |    53 |    60 |   102 |   186 |   496 |   634 |   344 |   481 |   239 ||  2595
Block: Other             |       |       |       |       |       |       |    24 |    32 |       ||    56
       Reflection        |       |       |       |       |       |       |     7 |     4 |       ||    11
